 Dungeon Crawl Stone Soup version 0.30-a0-989-g0d87f670db (webtiles) character file.

Game seed: 8171931652014013232

4036 EonDragon20 the Transmogrifier (level 10, -2/136 HPs)
             Began as a Merfolk Transmuter on Apr 4, 2023.
             Was an Elder of Sif Muna.
             Succumbed to barbed spike wounds
             ... on level 8 of the Dungeon.
             The game lasted 00:48:38 (8209 turns).

EonDragon20 the Transmogrifier (Merfolk Transmuter) Turns: 8209, Time: 00:48:39

Health: -2/136     AC:  8    Str: 12    XL:     10   Next: 24%
Magic:  15/17      EV: 10    Int: 16    God:    Sif Muna [****..]
Gold:   488        SH:  0    Dex: 14    Spells: 9/19 levels left

rFire   x . .      SeeInvis .    c - melded +3 spear (venom)
rCold   + + +      Faith    .    (shield currently unavailable)
rNeg    . . .      Spirit   .    g - melded +0 leather armour
rPois   +          Reflect  .    (helmet currently unavailable)
rElec   .          Rampage  .    (cloak currently unavailable)
rCorr   .                        m - melded +1 Delatra's gloves {ID++}
Will    .....                    (boots currently unavailable) Stlth
                                 (no amulet)
HPRegen 0.42/turn                (no ring)
MPRegen 0.15/turn                (no ring)

@: berserking (expiring), ice-form, spiked, studying Stealth, very quick
A: freezing attack, boosted hp, large, (nimble swimmer 2), (mertail)
a: End Transformation, Renounce Religion, Channel Magic, Forget Spell, Divine
Exegesis


You were on level 8 of the Dungeon.
You worshipped Sif Muna.
Sif Muna was greatly pleased with you.
You were a creature of crystalline ice.
You visited 2 branches of the dungeon, and saw 9 of its levels.
You also visited: Bailey.

You collected 488 gold pieces.

Inventory:

Hand Weapons
 c - a +3 spear of venom (melded)
Missiles
 k - a throwing net
Armour
 g - a +0 leather armour (melded)
 m - the +1 Delatra's gloves (melded) {ID++}
   (You found it on level 3 of the Dungeon)

   ID++:      It heals its wearer when they drink unknown potions, and restores
   their MP when they read unknown scrolls.
Jewellery
 a - a ring of protection from fire
Wands
 i - a wand of iceblast (4)
Scrolls
 f - 2 scrolls of butterflies
 l - 2 scrolls of fog
 n - a scroll of fear
 p - a scroll of blinking
 q - a scroll of identify
Potions
 b - 2 potions of lignification
 d - 4 potions of curing
 e - 2 potions of ambrosia
 j - a potion of mutation
 o - a potion of might


   Skills:
 + Level 5.9 Fighting
 + Level 5.8 Polearms
 - Level 2.6 Dodging
 + Level 7.6 Unarmed Combat
 + Level 5.2 Spellcasting
 * Level 10.6 Transmutations
 - Level 5.2 Ice Magic
 - Level 2.1 Poison Magic


You had 9 spell levels left.
You knew the following spells:

 Your Spells              Type           Power      Damage    Failure   Level
a - Beastly Appendage     Tmut           76%        N/A       1%          1
b - Wereblood             Tmut           38%        N/A       1%          2
c - Spider Form           Tmut/Pois      24%        N/A       3%          3
d - Ice Form              Ice/Tmut       29%        N/A       6%          4

Your spell library contained the following spells:

 Spells                   Type           Power      Damage    Failure   Level
 Shock                    Conj/Air       16%        1d4       16%         1
 Lesser Beckoning         Tloc           8%         N/A       22%         2
 Gell's Gravitas          Tloc           4%         N/A       41%         3
 Swiftness                Air            4%         N/A       41%         3
 Teleport Other           Tloc           4%         N/A       41%         3
 Airstrike                Air            2%         2d(1-17)  83%         4


Dungeon Overview and Level Annotations

Branches:
Dungeon (8/15)             Temple (1/1) D:4          Bailey (visited)
   Lair: D:8-11

Altars:
Ashenzari
Cheibriados
Dithmenos
Elyvilon
Fedhas
Gozag
Hepliaklqana
Kikubaaqudgha
Makhleb
Nemelex Xobeh
Okawaru
Qazlal
Ru
Sif Muna
Trog
Uskayaw
Vehumet
Wu Jian
Zin
The Shining One

Shops:
D:4 [

Annotations:
D:5 1 runed translucent door, Crazy Yiuf


Innate Abilities, Weirdness & Mutations

You are a creature of crystalline ice.
You have a powerful freezing melee attack.
Your maximum health is increased.
Your armour is entirely melded.
You are incapable of wielding weapons or throwing items.
((You are very nimble when in or above water. (Stealth+, EV+, Speed+++)))
((Your lower body shifts to a powerful aquatic tail in water.))


Message History

You feel yourself moving faster!
You feel mighty! The manticore bites you! The manticore barely misses you.
The manticore claws you.
The gnoll splashes around in the water.
You pummel the manticore!! You freeze the manticore!
The manticore is almost dead.
The gnoll splashes around in the water.
The manticore closely misses you. The manticore claws you!
* * * LOW HITPOINT WARNING * * *
The manticore claws you but does no damage.
You pummel the manticore!! You freeze the manticore.
You kill the manticore!
Sif Muna accepts your kill.
You punch the gnoll! You freeze the gnoll.
You kill the gnoll!
Sif Muna accepts your kill.
You hear a splash.
The gnoll bouda hits you with a +0 club!
* * * LOW HITPOINT WARNING * * *
You punch the gnoll bouda! You freeze the gnoll bouda!
You kill the gnoll bouda!
Sif Muna accepts your kill.
An electric eel comes into view.
The barbed spikes dig painfully into your body as you move.
* * * LOW HITPOINT WARNING * * *
Things that are here:
a +0 club; a +0 robe; a gnoll corpse The barbed spikes dig painfully into your body as you move.
* * * LOW HITPOINT WARNING * * *
You feel a strong urge to attack something.
The gnoll hits you but does no damage.
You barely miss the gnoll. The gnoll closely misses you.
The electric eel shoots out a bolt of lightning at you!
The bolt of electricity hits you!
* * * LOW HITPOINT WARNING * * *
You enter the shallow water.
The barbed spikes dig painfully into your body as you move.
* * * LOW HITPOINT WARNING * * *
You see here a +0 spear.
The barbed spikes dig painfully into your body as you move.
You die...

#♣~~~.~P~P#
#~~~~.~P~♣#
#♣~~P.P~~~# ##
♣P~~.~PPP#
...#~♣~.~P~♣#
#.#~♣~.~~♣#
..P♣~.~~♣#
.#~♣~.~~P# .(
♣~~)Y≈~♣
♣≈~))≈~♣
♣~~.~~~♣
♣~P.g~~♣
..~♣P.~P~~♣
.....♣P.~~~~~≈~
.#.#..~.~~~P~~≈
#. ............
. .....S~~≈~~~~


You could see a gnoll (swift).

Vanquished Creatures
  A manticore (D:8)
  Sigmund (D:3)
  3 humans (D:6)
  Menkaure (D:6)
  A water moccasin (D:7)
  An orc warrior (D:7)
  2 black bears
  An ice beast (D:6)
  An ogre (D:6)
  A sky beast (D:7)
  A centaur (D:5)
  2 phantoms
  A kobold brigand (D:5)
  A bullfrog (D:6)
  7 scorpions
  4 wights (D:7)
  6 electric eels (D:6)
  2 jellies
  4 orc priests
  2 gnoll boudas
  4 hounds
  3 iguanas
  7 orc wizards
  24 gnolls
  8 adders
  A shadow imp (D:5)
  5 white imps
  A worm (D:4)
  3 dart slugs
  35 orcs
  3 bat zombies (D:3)
  7 endoplasms
  2 giant cockroaches (D:1)
  30 goblins
  27 hobgoblins
  9 jackals
  4 quokkas
  5 ball pythons
  12 bats
  4 frilled lizards
  15 kobolds
  5 rats
257 creatures vanquished.

Vanquished Creatures (others)
  2 orc wizards
  5 fungi (D:4)
  9 plants
16 creatures vanquished.

Grand Total: 273 creatures vanquished

Notes
Turn   | Place    | Note
-------+----------+-------------------------------------------
     0 | D:1      | EonDragon20 the Merfolk Transmuter began the quest for the
                  | Orb.
     0 | D:1      | Reached XP level 1. HP: 15/15 MP: 3/3
    95 | D:1      | Reached skill level 3 in Transmutations
   102 | D:1      | Reached XP level 2. HP: 15/21 MP: 5/5
   202 | D:1      | Learned a level 2 spell: Wereblood
   506 | D:1      | Reached XP level 3. HP: 18/26 MP: 3/6
   613 | D:1      | Learned a level 3 spell: Spider Form
  1242 | D:2      | Reached XP level 4. HP: 32/33 MP: 7/7
  1341 | D:3      | Reached skill level 4 in Transmutations
  1659 | D:3      | Found an ancient bone altar of Kikubaaqudgha.
  1734 | D:3      | Noticed Sigmund
  1971 | D:3      | Found the +1 Delatra's gloves {ID++}
  2233 | D:3      | Reached skill level 1 in Poison Magic
  2233 | D:3      | Reached XP level 5. HP: 34/38 MP: 5/8
  2296 | D:4      | Found Darua's Armour Shop.
  2421 | D:4      | Reached XP level 6. HP: 45/46 MP: 10/10
  2432 | D:4      | Learned a level 4 spell: Ice Form
  2694 | D:4      | Reached skill level 5 in Transmutations
  2828 | D:4      | Reached skill level 5 in Unarmed Combat
  2894 | D:4      | Reached skill level 1 in Ice Magic
  2905 | D:4      | Found the +11 Singing Sword {sonic wave}
  2936 | D:4      | Reached XP level 7. HP: 51/51 MP: 11/11
  3216 | D:4      | Found a staircase to the Ecumenical Temple.
  3225 | Temple   | Entered the Ecumenical Temple
  3305 | Temple   | Became a worshipper of Sif Muna the Loreminder
  3499 | D:5      | Entered Level 5 of the Dungeon
  3603 | D:5      | Reached skill level 6 in Transmutations
  3816 | D:5      | Found a hazy altar of Hepliaklqana.
  3823 | D:5      | Found a bloodstained altar of Trog.
  3892 | D:5      | Reached skill level 1 in Polearms
  3999 | D:5      | Reached XP level 8. HP: 43/58 MP: 13/13
  4067 | D:5      | Found a burning altar of Makhleb.
  4231 | D:5      | Reached * piety under Sif Muna
  4340 | D:5      | Identified the +8 hammer of Punishment {flame, Drain Str+2
                  | Int+5}
  4342 | D:5      | Identified the +1 hammer of Nakliad {pain, Str+3}
  4351 | D:5      | Found a runed translucent door.
  4352 | D:5      | Noticed Crazy Yiuf
  4434 | D:5      | Reached skill level 7 in Transmutations
  4928 | D:6      | Found a white marble altar of Elyvilon.
  5168 | D:6      | Reached skill level 8 in Transmutations
  5168 | D:6      | Reached skill level 5 in Ice Magic
  5168 | D:6      | Reached XP level 9. HP: 52/66 MP: 12/15
  5546 | D:6      | Noticed Menkaure
  5567 | D:6      | Killed Menkaure
  6061 | D:6      | Reached ** piety under Sif Muna
  6292 | D:6      | Reached *** piety under Sif Muna
  6595 | D:6      | Reached skill level 5 in Fighting
  6595 | D:6      | Reached skill level 9 in Transmutations
  7013 | D:3      | Found a hide-covered altar of Uskayaw.
  7015 | D:3      | Killed Sigmund
  7546 | D:7      | Found a flagged portal.
  7568 | D:7      | Reached skill level 5 in Polearms
  7572 | Bailey   | Entered a bailey
  7699 | D:7      | Found a sparkling altar of Nemelex Xobeh.
  7731 | D:7      | Reached skill level 10 in Transmutations
  7731 | D:7      | Reached XP level 10. HP: 74/74 MP: 11/17
  7776 | D:7      | Reached **** piety under Sif Muna
  7777 | D:7      | Reached skill level 5 in Spellcasting
  8189 | D:8      | Noticed a manticore
  8202 | D:8      | Killed a manticore
  8207 | D:8      | HP: 6/136 [electric eel/bolt of electricity (10)]
  8208 | D:8      | HP: 2/136 [barbs]
  8209 | D:8      | Succumbed to barbed spike wounds

Illustrated notes

Levels and vault maps discovered:
D:1:      dpeg_arrival_rooms_b, layout_basic
D:2:      layout_rooms
D:3:      layout_loops_ring, lemuel_zombie_altar_kikubaaqudgha,
          lemuel_crystal_altar, pf_guarded_unrand_delatra, uniq_sigmund
D:4:      old_forge, layout_basic, lemuel_temple_firewalk_a, serial_shops,
          nicolae_take_the_stairs
D:5:      layout_basic, mainiacjoe_overflow_surrounded_room,
          mainiacjoe_overflow_large_starburst, lexackson_kobold_supper,
          uniq_crazy_yiuf_cottage
D:6:      minmay_goblin_kobold_castle, layout_loops_ring, lemuel_crystal_altar,
          grunt_decor_cap, nicolae_water_bricks, minmay_ruffians, uniq_menkaure
D:7:      layout_loops_ring, lemuel_round_altar, enter_bailey_6,
          minmay_manual_mess
D:8:      layout_loops_ring, marbit_many_paths, enter_ossuary_3, serial_bayou,
          serial_bayou_lagoon_b, serial_bayou_lagoon_a, serial_bayou_ford_a,
          serial_bayou_pond_a
Temple:   hellmonk_temple_forest_ring

Skill      XL: |  1  2  3  4  5  6  7  8  9 10 |
---------------+-------------------------------+-----
Transmutations | 3 4 5 6 8 10 | 10.6
Unarmed Combat | 4 5 6 7 |  7.6
Fighting       | 2 3 4 5 |  5.9
Poison Magic   | 1 2 |  2.1
Spellcasting   | 3 4 5 |  5.2
Ice Magic      | 1 3 5 |  5.2
Polearms       | 1 3 5 |  5.8
Dodging        | |  2.6

Action                     |  1- 3 |  4- 6 |  7- 9 | 10-12 || total
---------------------------+-------+-------+-------+-------++-------
  Melee: Spear             |   114 |   150 |   195 |       ||   459
         Headbutt          |     3 |       |       |       ||     3
         Punch             |     1 |     3 |     3 |       ||     7
         Unarmed           |       |       |   234 |    45 ||   279
         Tailslap          |       |       |    10 |       ||    10
   Cast: Beastly Appendage |     1 |     1 |       |       ||     2
         Wereblood         |       |     2 |    11 |     2 ||    15
         Spider Form       |       |       |     9 |       ||     9
         Ice Form          |       |       |    16 |     5 ||    21
    Use: Scroll            |     1 |     6 |    11 |     1 ||    19
         Potion            |       |       |       |     1 ||     1
   Stab: Sleeping          |     3 |     2 |     1 |       ||     6
         Distracted        |       |       |     1 |       ||     1
 Armour: Robe              |    17 |       |       |       ||    17
         Leather armour    |    19 |    42 |    32 |       ||    93
         Skin              |       |       |    69 |    12 ||    81
  Dodge: Dodged            |    81 |    84 |   187 |    27 ||   379

Table legend: (Time is in decaauts)
 A = Elapsed time spent in this place.
 B = Non-inter-level travel time spent in this place.
 C = Inter-level travel time spent in this place.
 D = Time resting spent in this place.
 E = Time spent auto-exploring this place.
 F = Levels seen in this place.
 G = Mean time per level.
                   A        B        C        D        E       F      G
               +--------+--------+--------+--------+--------+-----+--------+
         Total |   8132 |   7493 |    639 |   1777 |    106 |  10 |  813.2 |
       Dungeon |   8031 |   7392 |    639 |   1777 |    106 |   8 | 1003.9 |
        Temple |     95 |     95 |      0 |      0 |      0 |   1 |   95.0 |
        Bailey |      4 |      4 |      0 |      0 |      0 |   1 |    4.0 |
               +--------+--------+--------+--------+--------+-----+--------+

Top non-repeatable levels by time:
     D:6: 2130 daAuts
     D:5: 1328 daAuts
     D:4: 1164 daAuts
     D:3: 1132 daAuts
     D:7: 854 daAuts
     D:1: 745 daAuts
     D:2: 638 daAuts
  Temple: 95 daAuts
     D:8: 38 daAuts
  Bailey: 4 daAuts
